[Event "Titled Tuesday Blitz April 25 Early 2023"]
[White "De Souza, Cristiano Gomes"]
[Black "Korelskiy, Egor"]
[WhiteFideId "2151758"]
[BlackFideId "34329064"]
[WhiteElo "2068"]
[BlackElo "2186"]
[Result "1-0"]
[Round "09"]
[TimeControl "180+2"]
[Date "2023.04.25"]
[WhiteClock "0:00:19"]
[BlackClock "0:00:01"]

1. d4 d5 2. c4 e6 3. Nc3 c6 4. Nf3 dxc4 5. a4 Bb4 6. e3 b5 7. Bd2 a5 8. axb5 Bxc3 9. Bxc3 cxb5 10. d5 Nf6 11. b3 Nxd5 12. Bxg7 Rg8 13. Bd4 Nc6 14. bxc4 bxc4 15. Bxc4 Nxd4 16. Qxd4 Nb4 17. Bb5+ Bd7 18. Bxd7+ Qxd7 19. Qxb4 axb4 20. Rxa8+ Ke7 21. Rxg8 Qd3 22. Rf1 b3 23. Rb8 Qc3+ 24. Nd2 Qa1+ 25. Ke2 Qa6+ 26. Kf3 Qc6+ 27. e4 b2 28. Rb1 Qd6 29. R8xb2 Qd3+ 30. Kf4 Kf6 31. e5+ Kg6 32. Ne4 f5 33. exf6 Qd5 34. Rb5 e5+ 35. Ke3 Qd4+ 36. Ke2 Qxe4+ 37. Kd2 Qd4+ 38. Ke1 Qe4+ 39. Kf1 Kxf6 40. Rb6+ Kf5 41. h3 Qd3+ 42. Kg1 h5 43. R1b3 Qd1+ 44. Kh2 h4 45. Rf3+ Kg5 46. Rbf6 Qd5 47. R3f5# 1-0


[Site "https://www.chess.com"]

[Event "Titled Tuesday Blitz April 25 Early 2023"]
[White "Shaik Sumer Arsh"]
[Black "Smith, Garrett L"]
[WhiteFideId "45020000"]
[BlackFideId "2024829"]
[WhiteElo "2350"]
[BlackElo "2273"]
[Result "1-0"]
[Round "09"]
[TimeControl "180+2"]
[Date "2023.04.25"]
[WhiteClock "0:00:44"]
[BlackClock "0:00:22"]

1. d4 Nf6 2. c4 g6 3. Nc3 d5 4. Nf3 Bg7 5. h4 dxc4 6. e4 c5 7. d5 b5 8. h5 Nxh5 9. Nxb5 Qa5+ 10. Nc3 Bxc3+ 11. bxc3 Qxc3+ 12. Bd2 Qg7 13. Bxc4 O-O 14. Rc1 Bg4 15. Bc3 Qh6 16. Be2 Nd7 17. Nd2 Bxe2 18. Qxe2 Qg5 19. g3 Rab8 20. Kf1 Rb6 21. Re1 Rfb8 22. Qe3 Qxe3 23. Rxe3 Nhf6 24. Kg2 Ng4 25. Ree1 Nge5 26. f4 Nd3 27. Ref1 Ra6 28. Rxh7 Nf6 29. Bxf6 exf6 30. Rfh1 Kf8 31. Rh8+ Ke7 32. Rxb8 Rxa2 33. Kf3 Rxd2 34. Ke3 Rb2 35. Ra8 c4 36. Kd4 Rb4 37. Rxa7+ Kd6 38. e5+ fxe5+ 39. fxe5+ Nxe5 40. Ra6+ 1-0


[Site "https://www.chess.com"]

[Event "Titled Tuesday Blitz April 25 Early 2023"]
[White "Ramirez, Maria Eugenia"]
[Black "Garcia Almaguer, Juan Manuel"]
[WhiteFideId "3301680"]
[BlackFideId "5110491"]
[WhiteElo "1842"]
[BlackElo "2117"]
[Result "0-1"]
[Round "09"]
[TimeControl "180+2"]
[Date "2023.04.25"]
[WhiteClock "0:02:06"]
[BlackClock "0:01:23"]

1. e4 e5 2. Nf3 Nc6 3. Nc3 Nf6 4. Bb5 Bb4 5. O-O O-O 6. d3 h6 7. Bxc6 dxc6 8. Nxe5 Qe7 9. Nf3 Bg4 10. Ne2 Bxf3 11. g3 Qd7 12. c3 Be7 13. e5 Nh7 14. Qd2 Ng5 15. Nf4 Nh3+ 16. Nxh3 Qxh3 17. Re1 Qg2# 0-1


[Site "https://www.chess.com"]

[Event "Titled Tuesday Blitz April 25 Early 2023"]
[White "Putri, Regita Desyari"]
[Black "Ljukin, Sergei"]
[WhiteFideId "7109083"]
[BlackFideId "14102200"]
[WhiteElo "1930"]
[BlackElo "2312"]
[Result "1-0"]
[Round "09"]
[TimeControl "180+2"]
[Date "2023.04.25"]
[WhiteClock "0:00:04"]
[BlackClock "0:00:01"]

1. d4 d5 2. c4 c6 3. Nf3 Nf6 4. Nc3 dxc4 5. a4 Bf5 6. e3 e6 7. Bxc4 Bb4 8. O-O Nbd7 9. Qe2 O-O 10. Rd1 Rc8 11. Bd2 Qe7 12. Ne5 Nxe5 13. dxe5 Nd7 14. e4 Bg6 15. f4 Nc5 16. Bd3 Rcd8 17. Bc2 Rd7 18. f5 exf5 19. exf5 Rfd8 20. fxg6 hxg6 21. Bf4 Ne6 22. Be3 Bc5 23. Rxd7 Rxd7 24. Rd1 Nd4 25. Bxd4 Rxd4 26. Rxd4 Bxd4+ 27. Kh1 Bxe5 28. g3 Qd6 29. Kg2 Bxc3 30. bxc3 Qd7 31. Bb3 Kf8 32. Bc4 a6 33. Qd3 Qe7 34. Kf3 Kg8 35. h4 Kh7 36. h5 Qf6+ 37. Kg2 Qg5 38. hxg6+ fxg6 39. Be6 Qf6 40. Bc8 Qe7 41. Bg4 Qg5 42. Bd1 Qe7 43. Bc2 Qf6 44. Qf3 Qe6 45. Be4 Kh6 46. Qf4+ Kh7 47. Qh4+ Kg8 48. Qf4 g5 49. Qf5 Qe7 50. Kf3 Qd6 51. Kg4 Qd1+ 52. Bf3 Qd2 53. Qxg5 Qxc3 54. Qd8+ Kh7 55. Be4+ g6 56. Qh4+ Kg7 57. Qe7+ Kh6 58. Qg5+ 1-0


[Site "https://www.chess.com"]

[Event "Titled Tuesday Blitz April 25 Early 2023"]
[White "Gonzalez Zamora, Juan Carlos"]
[Black "Averjanov, Alexey"]
[WhiteFideId "3507548"]
[BlackFideId "14109867"]
[WhiteElo "2535"]
[BlackElo "2665"]
[Result "0-1"]
[Round "09"]
[TimeControl "180+2"]
[Date "2023.04.25"]
[WhiteClock "0:00:02"]
[BlackClock "0:01:16"]

1. e4 c6 2. d4 d5 3. exd5 cxd5 4. c4 Nf6 5. Nc3 e6 6. Nf3 Be7 7. cxd5 Nxd5 8. Bd3 Nc6 9. O-O O-O 10. Re1 Bf6 11. Be3 Nxe3 12. fxe3 g6 13. Rc1 Bg7 14. Qe2 b6 15. Be4 Bb7 16. Nd2 Rc8 17. Bf3 Qe7 18. Qf2 Rfd8 19. Nf1 Nb4 20. Bxb7 Qxb7 21. Qe2 Nd5 22. Kh1 Nxc3 23. bxc3 Rc7 24. Nd2 Rdc8 25. Qd3 b5 26. Nb3 a6 27. Rc2 Qb6 28. Rec1 Bf8 29. c4 bxc4 30. Rxc4 Rxc4 31. Rxc4 Rxc4 32. Qxc4 h5 33. Kg1 Qd6 34. Nc5 a5 35. a4 e5 36. Ne4 Qb6 37. Qb5 Qc7 38. Qxe5 Qxe5 39. dxe5 Bg7 40. e6 fxe6 41. Kf2 Kf7 42. Ke2 Be5 43. h3 Ke7 44. Kd3 Kd7 45. Kc4 Kc6 46. Ng5 Kd7 47. Nf3 Bf6 48. e4 Bb2 49. Ne1 g5 50. Nd3 Ba1 51. Kb5 Bc3 52. Kc4 Bd2 53. Ne5+ Kd6 54. Nf3 Be3 55. Kd3 Bf4 56. Kd4 g4 57. hxg4 hxg4 58. Ne1 e5+ 59. Kc4 Kc6 60. Nd3 Bg3 61. Nc1 Be1 62. Nd3 Bg3 63. Nc1 Be1 64. Ne2 Bd2 65. Ng3 Kd6 66. Nf5+ Ke6 67. Kd3 Bb4 68. Kc4 Bd2 69. Kd3 Bb4 70. Ne3 g3 71. Ke2 Kd6 72. Nf1 Kc5 73. Kd3 Be1 74. Ke2 Bf2 75. Nd2 Kb4 76. Kd3 Kxa4 77. Kc4 Be3 78. Nf3 Bf4 79. Ne1 Ka3 80. Kc3 Ka4 81. Kc4 Ka3 82. Kc3 a4 83. Nc2+ Ka2 84. Kb4 Kb2 85. Ne1 Kc1 86. Nd3+ Kd2 87. Nxf4 exf4 88. e5 f3 89. e6 fxg2 90. e7 g1=Q 91. e8=Q Qd4+ 92. Ka5 g2 93. Qg6 g1=Q 94. Qh6+ Qge3 0-1


[Site "https://www.chess.com"]

[Event "Titled Tuesday Blitz April 25 Early 2023"]
[White "Gurevich, Dmitry"]
[Black "Lenaerts, Lennert"]
[WhiteFideId "2000407"]
[BlackFideId "211435"]
[WhiteElo "2506"]
[BlackElo "2334"]
[Result "1/2-1/2"]
[Round "09"]
[TimeControl "180+2"]
[Date "2023.04.25"]
[WhiteClock "0:00:20"]
[BlackClock "0:01:02"]

1. d4 d5 2. c4 c6 3. e3 Nf6 4. Nc3 Bf5 5. cxd5 cxd5 6. Qb3 Nc6 7. Qxb7 Bd7 8. Qb3 Rb8 9. Qd1 e5 10. Nf3 Bd6 11. dxe5 Nxe5 12. Nxe5 Bxe5 13. Be2 Qc7 14. h3 O-O 15. O-O Rfd8 16. Bf3 Bf5 17. Qe2 Qc8 18. Rd1 Bxh3 19. Nxd5 Nxd5 20. Rxd5 Rxd5 21. Bxd5 Bg4 22. Qc4 Qf5 23. Bxf7+ Kh8 24. Bd5 Qh5 25. g3 Rc8 26. Qd3 Rd8 27. Qe4 h6 28. f4 Rxd5 29. Qxd5 Bf3 30. Qd8+ Kh7 31. Qd3+ g6 32. fxe5 Qh3 33. Kf2 Qg2+ 34. Ke1 Qxg3+ 35. Kd2 Qh2+ 36. Kc3 Qxe5+ 37. Qd4 Qc7+ 38. Kd3 Bd1 39. Qc3 Qd6+ 40. Kc4 Be2+ 41. Kb3 Bd1+ 42. Kc4 Be2+ 43. Kb3 Bd1+ 44. Kc4 1/2-1/2


[Site "https://www.chess.com"]

[Event "Titled Tuesday Blitz April 25 Early 2023"]
[White "Matveeva, Olga"]
[Black "Berezin, Viktor"]
[WhiteFideId "24107018"]
[BlackFideId "14107872"]
[WhiteElo "2056"]
[BlackElo "2310"]
[Result "0-1"]
[Round "09"]
[TimeControl "180+2"]
[Date "2023.04.25"]
[WhiteClock "0:00:01"]
[BlackClock "0:00:08"]

1. d4 Nf6 2. c4 g6 3. g3 Bg7 4. Bg2 O-O 5. Nc3 d6 6. Nf3 Nc6 7. O-O a6 8. Qd3 Rb8 9. d5 Na7 10. a4 c5 11. a5 b5 12. axb6 Qxb6 13. e4 Nd7 14. Re1 a5 15. Na4 Qc7 16. Bd2 Ba6 17. Bc3 Bxc3 18. Qxc3 Rb4 19. b3 Rfb8 20. Rab1 Nb6 21. Nxb6 Qxb6 22. Nd2 a4 23. bxa4 Qa5 24. h4 h5 25. e5 Qd8 26. e6 f6 27. Be4 Kg7 28. Bc2 Nc8 29. Kg2 Nb6 30. Rxb4 cxb4 31. Qd3 Qe8 32. Rb1 Nxd5 33. Ne4 Nc7 34. Qd4 Nxe6 35. Qe3 Bb7 36. f3 Bc6 37. a5 Nf8 38. a6 Ra8 39. a7 Qd7 40. Ra1 Ne6 41. Qd3 Nf8 42. Nc5 dxc5 43. Qxd7 Bxd7 44. Be4 Rxa7 45. Rxa7 Kf7 46. Rb7 Ke8 47. Kf2 Kd8 48. Ke3 f5 49. Bc2 Bc6 50. Rb6 Kc7 51. Ra6 Ne6 52. Ra7+ Kd6 53. Ra6 Nd4 54. Ba4 Kc7 0-1


[Site "https://www.chess.com"]

[Event "Titled Tuesday Blitz April 25 Early 2023"]
[White "Gatterer, Florian"]
[Black "Vlassov, Nikolai"]
[WhiteFideId "811688"]
[BlackFideId "4103360"]
[WhiteElo "2221"]
[BlackElo "2324"]
[Result "0-1"]
[Round "09"]
[TimeControl "180+2"]
[Date "2023.04.25"]
[WhiteClock "0:00:10"]
[BlackClock "0:00:05"]

1. b3 e5 2. Bb2 Nc6 3. e3 a6 4. c4 f5 5. Nc3 Nf6 6. Nge2 d6 7. d4 Be7 8. dxe5 dxe5 9. Qxd8+ Bxd8 10. f4 O-O 11. g3 Ng4 12. Nd5 Be6 13. h3 Nf6 14. Nxf6+ Bxf6 15. O-O-O a5 16. Nc3 e4 17. Nb5 Bxb2+ 18. Kxb2 Rf7 19. a3 Kf8 20. Be2 g6 21. h4 h5 22. Rd2 Ke8 23. Rhd1 Rd8 24. Rxd8+ Nxd8 25. Kc3 Rd7 26. Rxd7 Kxd7 27. b4 axb4+ 28. axb4 b6 29. Nd4 c5 30. bxc5 bxc5 31. Nb3 Kd6 32. Bd1 Nc6 33. Nd2 Nb4 34. Bc2 Bf7 35. Bb1 Be8 36. Bc2 Bd7 37. Bd1 Nd3 38. Be2 Nf2 39. Kb3 Be8 40. Nf1 Kc6 41. Ka3 Kb6 42. Nd2 Bd7 43. Kb3 Ka5 44. Ka3 Ba4 45. Nf1 Bc2 46. Kb2 Bd3 47. Bxd3 exd3 48. Kc3 Ka4 49. Nd2 Nh1 50. Kxd3 Nxg3 51. Nf3 Kb3 52. Ne5 Ne4 53. Nxg6 Nf2+ 54. Ke2 Ng4 55. Ne7 Kxc4 56. Nxf5 Kb3 57. Nd6 c4 58. Nxc4 Kxc4 59. Kf3 Kd5 60. e4+ Kd4 61. e5 Kd5 62. Kg3 Ke4 63. e6 Nf6 64. e7 Ne8 65. f5 Kxf5 66. Kf3 Ke5 67. Ke3 Ng7 68. Kf3 Kf6 69. Kf4 Kxe7 70. Kg5 Kf7 71. Kh6 Kf6 72. Kh7 Kf5 73. Kxg7 Kg4 74. Kg6 Kxh4 75. Kf5 Kg3 76. Kg5 h4 0-1


[Site "https://www.chess.com"]

[Event "Titled Tuesday Blitz April 25 Early 2023"]
[White "Tarasova, Viktoriya"]
[Black "Belov, Alexei"]
[WhiteFideId "4175840"]
[BlackFideId "4128206"]
[WhiteElo "2182"]
[BlackElo "2508"]
[Result "1/2-1/2"]
[Round "09"]
[TimeControl "180+2"]
[Date "2023.04.25"]
[WhiteClock "0:00:05"]
[BlackClock "0:00:07"]

1. d4 e6 2. c4 d5 3. Nc3 Be7 4. cxd5 exd5 5. Bf4 c6 6. e3 Bf5 7. Bd3 Bxd3 8. Qxd3 Nf6 9. Nge2 Nbd7 10. h3 O-O 11. O-O Re8 12. Rae1 Nf8 13. f3 Ng6 14. Bg3 Bd6 15. Bf2 c5 16. dxc5 Bxc5 17. Rd1 Ne5 18. Qb5 Qb6 19. Qxb6 axb6 20. b3 Nc6 21. Nxd5 Nxd5 22. Rxd5 Rxa2 23. Nc3 Rb2 24. Ne4 Nb4 25. Rd7 Rxb3 26. Nxc5 bxc5 27. Rxb7 h6 28. Rc1 Rc8 29. Be1 Nd3 30. Rxb3 Nxc1 31. Rb2 Nd3 32. Re2 c4 33. Bc3 Rb8 34. Rc2 Rb1+ 35. Kh2 Rb7 36. Bd4 Rc7 37. Kg3 f6 38. e4 Kf7 39. f4 g5 40. fxg5 hxg5 41. Bc3 Nf4 42. Kf3 Rd7 43. g3 Rd3+ 44. Kg4 Ng6 45. h4 gxh4 46. gxh4 Re3 47. h5 Nf8 48. Kf5 Rf3+ 49. Kg4 Re3 50. Kf5 Rf3+ 51. Kg4 Re3 1/2-1/2


[Site "https://www.chess.com"]

[Event "Titled Tuesday Blitz April 25 Early 2023"]
[White "Goltseva, Ekaterina"]
[Black "Buscar, Michael"]
[WhiteFideId "24173770"]
[BlackFideId "2603616"]
[WhiteElo "2200"]
[BlackElo "2010"]
[Result "1/2-1/2"]
[Round "09"]
[TimeControl "180+2"]
[Date "2023.04.25"]
[WhiteClock "0:00:03"]
[BlackClock "0:00:08"]

1. d4 d5 2. Nf3 e6 3. g3 c5 4. Bg2 Nf6 5. O-O Nc6 6. c4 Be7 7. cxd5 exd5 8. dxc5 Bxc5 9. a3 O-O 10. b4 Be7 11. Bb2 Ne4 12. Nd4 Be6 13. Nxe6 fxe6 14. Qb3 Nf6 15. Nd2 Qb6 16. Nf3 Na5 17. Qc2 Rac8 18. bxa5 Rxc2 19. axb6 Rxb2 20. bxa7 Ra8 21. Nd4 Kf7 22. Bh3 e5 23. Nf3 Rxe2 24. Rfb1 Rxa7 25. Kf1 Re4 26. Ng5+ Kg6 27. Nxe4 Nxe4 28. Rb6+ Bf6 29. Bc8 Nd2+ 30. Ke2 Nc4 31. Rxb7 Rxa3 32. Rxa3 Nxa3 33. Be6 Nc2 34. Bxd5 Nd4+ 35. Kd3 Kg5 36. f3 h5 37. h4+ Kh6 38. Rb8 Kg6 39. Be4+ Kf7 40. Bd5+ Kg6 41. Rb7 Kh6 42. Bf7 Nf5 43. Rb8 g6 44. Rg8 Bg7 45. g4 hxg4 46. fxg4 Nxh4 47. Bd5 Bf6 48. Ke3 Kg5 49. Rf8 Be7 50. Rf7 Bc5+ 51. Ke4 Bd4 52. Be6 Ng2 53. Kf3 Nf4 54. Bc8 Bc3 55. Ke4 Bd4 56. Rb7 Nh3 57. Rb1 Nf2+ 58. Kf3 Nh3 59. Rb7 Nf4 60. Rg7 Nd5 61. Bf5 Nf4 62. Ke4 Kf6 63. Rg8 gxf5+ 64. gxf5 Nh5 65. Rf8+ Kg7 66. Rd8 Kf6 67. Rxd4 exd4 68. Kxd4 Kxf5 1/2-1/2


[Site "https://www.chess.com"]

[Event "Titled Tuesday Blitz April 25 Early 2023"]
[White "Chirivi C, Jenny Astrid"]
[Black "koncheto"]
[WhiteFideId "4403061"]
[WhiteElo "2001"]
[BlackElo "2504"]
[Result "1-0"]
[Round "09"]
[TimeControl "180+2"]
[Date "2023.04.25"]
[WhiteClock "0:00:14"]
[BlackClock "0:00:43"]

1. d4 Nf6 2. c4 e6 3. Nc3 c5 4. d5 exd5 5. cxd5 d6 6. e4 g6 7. Bd3 Bg7 8. Nge2 O-O 9. O-O Re8 10. Ng3 h5 11. Bg5 Na6 12. h3 Nc7 13. a4 b6 14. Re1 Ba6 15. Nb5 Bxb5 16. axb5 Qd7 17. Qb3 Nh7 18. Bd2 h4 19. Nf1 Nf6 20. Bg5 Nh5 21. Bxh4 Nf4 22. Bc4 a6 23. Bg3 axb5 24. Rxa8 Rxa8 25. Bxf4 bxc4 26. Qxb6 Ra6 27. Qb8+ Kh7 28. Ne3 Ra8 29. Qb7 Ra4 30. Rc1 Rb4 31. Qc6 Qxc6 32. dxc6 Bxb2 33. Rxc4 Rb6 34. Bxd6 Rxc6 35. Bxc5 Ne6 36. Be7 Ra6 37. g3 Nd4 38. Kg2 Ne6 39. Nd5 Kg7 40. Rc2 Be5 41. f4 Ba1 42. e5 Nd4 43. Bf6+ Kh6 44. Rc8 g5 45. Rh8+ Kg6 46. Ne7# 1-0


[Site "https://www.chess.com"]

[Event "Titled Tuesday Blitz April 25 Early 2023"]
[White "Itkis, Boris"]
[Black "Lorenzo De La Riva, Lazaro"]
[WhiteFideId "1209167"]
[BlackFideId "2268809"]
[WhiteElo "2216"]
[BlackElo "2294"]
[Result "0-1"]
[Round "09"]
[TimeControl "180+2"]
[Date "2023.04.25"]
[WhiteClock "0:00:29"]
[BlackClock "0:01:04"]

1. c4 e5 2. Nf3 Nc6 3. Nc3 Nf6 4. e4 Bc5 5. Nxe5 Nxe5 6. d4 Bb4 7. dxe5 Nxe4 8. Qf3 Nxc3 9. bxc3 Bc5 10. Qg3 Kf8 11. Bf4 h5 12. h4 Qe7 13. Be2 d6 14. exd6 cxd6 15. Rd1 Bf5 16. Bxd6 Bxd6 17. Qxd6 Qxd6 18. Rxd6 Ke7 19. Rd4 Rac8 20. Kd2 Be6 21. Rb1 b6 22. a4 Rc5 23. Ke3 Rhc8 24. Rbd1 g6 25. f3 Ra5 26. g4 hxg4 27. fxg4 Rxa4 28. h5 gxh5 29. gxh5 Rh8 30. Kf4 Kf6 31. c5 Ra2 32. Bg4 bxc5 33. R4d2 Ra4+ 0-1


[Site "https://www.chess.com"]

[Event "Titled Tuesday Blitz April 25 Early 2023"]
[White "Prudnykova, Olga"]
[Black "Degenbaev, Aziz"]
[WhiteFideId "14121093"]
[BlackFideId "13802640"]
[WhiteElo "2113"]
[BlackElo "2152"]
[Result "0-1"]
[Round "09"]
[TimeControl "180+2"]
[Date "2023.04.25"]
[WhiteClock "0:00:18"]
[BlackClock "0:01:46"]

1. e4 c5 2. Nf3 d6 3. Nc3 Nf6 4. e5 dxe5 5. Nxe5 e6 6. Bb5+ Nbd7 7. d4 cxd4 8. Qxd4 Be7 9. Bf4 O-O 10. O-O-O Nxe5 11. Qxe5 Qa5 12. f3 a6 13. Bd3 Qxe5 14. Bxe5 Nd7 15. Bd4 Nc5 16. Be2 b5 17. Rhf1 Bb7 18. g3 Rac8 19. f4 b4 20. Nb1 b3 21. a3 bxc2 22. Kxc2 Be4+ 23. Kd2 Nb3+ 24. Ke3 Bc2 25. Bc3 Bc5+ 26. Kf3 Bxd1 27. Bxd1 Nd4+ 28. Kg2 Nb5 29. Be1 Bd4 30. b4 Rc1 0-1


[Site "https://www.chess.com"]

[Event "Titled Tuesday Blitz April 25 Early 2023"]
[White "Karas, Marek"]
[Black "Rosenberg, Evan S"]
[WhiteFideId "14928558"]
[BlackFideId "2019299"]
[WhiteElo "2233"]
[BlackElo "2297"]
[Result "0-1"]
[Round "09"]
[TimeControl "180+2"]
[Date "2023.04.25"]
[WhiteClock "0:01:36"]
[BlackClock "0:01:09"]

1. Nc3 e5 2. Nf3 Nc6 3. d4 exd4 4. Nxd4 Nf6 5. e4 Bb4 6. Nxc6 bxc6 7. Bd3 d5 8. exd5 O-O 9. O-O Bg4 10. f3 Bh5 11. dxc6 Qd4+ 12. Kh1 Bxc3 13. bxc3 Qxc3 14. Be3 Qxc6 15. Qd2 Bg6 16. Bxg6 hxg6 17. Rfd1 Rfe8 18. Bf2 Qc4 19. Qd3 Qxd3 20. cxd3 Re2 21. Bg3 Nd5 22. a4 a5 23. Re1 Rae8 24. Rxe2 Rxe2 25. Be1 Nb4 26. Bxb4 axb4 27. a5 b3 28. a6 Ra2 29. Rb1 b2 30. a7 Rxa7 31. Kg1 Ra1 0-1


[Site "https://www.chess.com"]

[Event "Titled Tuesday Blitz April 25 Early 2023"]
[White "Yurasova, Daria"]
[Black "mjelcic"]
[WhiteFideId "34146919"]
[WhiteElo "2134"]
[BlackElo "2232"]
[Result "1/2-1/2"]
[Round "09"]
[TimeControl "180+2"]
[Date "2023.04.25"]
[WhiteClock "0:00:08"]
[BlackClock "0:00:06"]

1. d4 d5 2. Nf3 Nf6 3. Bf4 e6 4. Nbd2 Nbd7 5. e3 Bd6 6. Bg3 O-O 7. Bd3 Re8 8. c3 e5 9. dxe5 Nxe5 10. Nxe5 Bxe5 11. Bxe5 Rxe5 12. Nf3 Bg4 13. Qc2 Bxf3 14. gxf3 d4 15. O-O-O c5 16. f4 Rd5 17. Bc4 Rd6 18. e4 Rd7 19. e5 Nd5 20. cxd4 Nb4 21. Qf5 cxd4 22. Kb1 Rc7 23. Bb3 g6 24. Qe4 Nc6 25. e6 fxe6 26. Qxe6+ Kg7 27. f5 Qf6 28. fxg6 Qxg6+ 29. Qxg6+ hxg6 30. Rhg1 Rf8 31. Rg2 Rf6 32. Rdg1 Ne5 33. h4 Nf3 34. Rd1 Nxh4 35. Rg4 Nf3 36. Bd5 Rd7 37. Be4 Re7 38. Bd3 Rc6 39. a3 Re1 40. Rxe1 Nxe1 41. Rxd4 Rf6 42. Rd7+ Rf7 43. Rxf7+ Kxf7 44. Bc4+ Kf6 45. Bd5 b6 46. Be4 g5 47. Kc1 Ke5 48. Bc6 Nd3+ 49. Kc2 Nxf2 50. Kc3 Ne4+ 51. Kc4 g4 52. Bd7 g3 53. Bh3 Kf4 54. Bg2 Ke5 55. Kb5 Nc5 56. b4 Nd3 57. Ka6 Nb2 58. Kxa7 Nc4 59. a4 Kd4 60. Ka6 Kc3 61. b5 Kb4 62. Bd5 Kc5 63. Bg2 Kb4 64. Bd5 Kc5 65. Bg2 Nb2 66. a5 bxa5 67. Kxa5 Nc4+ 68. Ka6 Nb6 69. Ka7 Kxb5 70. Kb7 Kc5 71. Kc7 Nd5+ 72. Kd7 Kd4 73. Ke6 Nf4+ 74. Kf5 Nxg2 75. Kg4 Ne3+ 76. Kxg3 1/2-1/2


[Site "https://www.chess.com"]

[Event "Titled Tuesday Blitz April 25 Early 2023"]
[White "Hajiyev, Kanan"]
[Black "Aung Thant Zin"]
[WhiteFideId "13404148"]
[BlackFideId "13000063"]
[WhiteElo "2103"]
[BlackElo "2278"]
[Result "1-0"]
[Round "09"]
[TimeControl "180+2"]
[Date "2023.04.25"]
[WhiteClock "0:00:55"]
[BlackClock "0:01:34"]

1. d4 Nf6 2. c4 e6 3. Nf3 b6 4. Nc3 Bb7 5. g3 Bb4 6. Qc2 Be4 7. Qb3 Bxc3+ 8. Qxc3 O-O 9. Bg2 c5 10. O-O Nc6 11. dxc5 bxc5 12. Rd1 d5 13. cxd5 exd5 14. Qxc5 Rc8 15. Bg5 Ne5 16. Qxa7 Bxf3 17. exf3 h6 18. Bxf6 Qxf6 19. f4 Nc4 20. b3 Nb6 21. Rac1 Rxc1 22. Rxc1 Rd8 23. a4 Nc8 24. Qa8 Ne7 25. Qxd8+ 1-0


[Site "https://www.chess.com"]

[Event "Titled Tuesday Blitz April 25 Early 2023"]
[White "littlepillow2010"]
[Black "Panesso Rivera, Henry"]
[BlackFideId "4402707"]
[WhiteElo "2356"]
[BlackElo "2345"]
[Result "0-1"]
[Round "09"]
[TimeControl "180+2"]
[Date "2023.04.25"]
[WhiteClock "0:00:02"]
[BlackClock "0:02:22"]

1. e4 d6 2. d4 Nf6 3. Nc3 g6 4. Nf3 c6 5. h3 Qc7 6. Be3 Bg7 7. Qd2 Nbd7 8. Bd3 e5 9. Bh6 O-O 10. Bxg7 Kxg7 11. O-O-O b5 12. g4 b4 13. Ne2 a5 14. Rdg1 Ba6 15. Ng3 Bxd3 16. Qxd3 c5 17. dxe5 dxe5 18. g5 Nh5 19. Nxh5+ gxh5 20. Nh4 c4 21. Qf3 c3 22. bxc3 Qxc3 23. Qxc3 bxc3 24. Nf5+ Kh8 25. Rg3 Nc5 26. Rxc3 Nxe4 27. Re3 Nxg5 28. h4 Ne6 29. Rxe5 a4 30. Ng3 a3 31. Rxh5 Rfb8 32. Re5 Rb2 33. Rd1 Rxa2 34. Ne4 Ra1+ 35. Kd2 Rd8+ 36. Ke2 Raxd1 0-1


[Site "https://www.chess.com"]

[Event "Titled Tuesday Blitz April 25 Early 2023"]
[White "Allahverdiyeva, Ayan"]
[Black "wqws"]
[WhiteFideId "13412590"]
[WhiteElo "1980"]
[BlackElo "2575"]
[Result "1-0"]
[Round "09"]
[TimeControl "180+2"]
[Date "2023.04.25"]
[WhiteClock "0:00:06"]
[BlackClock "0:00:07"]

1. e4 c5 2. Nf3 d6 3. d4 cxd4 4. Nxd4 Nf6 5. Nc3 a6 6. Be3 e5 7. Nb3 Be6 8. f3 h5 9. Nd5 Bxd5 10. exd5 Nbd7 11. Qd2 g6 12. O-O-O a5 13. a4 Bg7 14. Kb1 O-O 15. Be2 Nb6 16. Bxb6 Qxb6 17. g4 hxg4 18. Qd3 gxf3 19. Bxf3 Qb4 20. Nd2 Qxa4 21. Rdg1 Qb4 22. h4 e4 23. c3 exd3 24. cxb4 axb4 25. h5 gxh5 26. Rg5 Kh7 27. Ne4 Nxe4 28. Bxe4+ f5 29. Bxf5+ Rxf5 30. Rxf5 b3 31. Rfxh5+ Kg6 32. R5h3 Ra2 33. Rg3+ Kf7 34. Rf1+ Kg8 35. Rg2 b5 36. Rfg1 Ra7 37. Rg3 d2 38. Rd3 Kf7 39. Rxd2 Re7 40. Rd3 Re5 41. Rf3+ Kg8 42. Rfg3 Re7 43. Rxb3 Rb7 44. Rbg3 b4 45. Kc2 b3+ 46. Rxb3 Rc7+ 47. Kd2 Kf8 48. Rf3+ Ke8 49. Re1+ Kd8 50. b4 Bh6+ 51. Kd3 Bg7 52. Rb1 Ra7 53. Ke4 Ra2 54. b5 Re2+ 55. Kf5 Bd4 56. b6 Kc8 57. b7+ Kb8 58. Kg6 Re8 59. Kf7 Rh8 60. Ke7 Be5 61. Rf8+ Rxf8 62. Kxf8 Bd4 63. Ke7 Be5 64. Kd7 Bd4 65. Kc6 Ba7 66. Rf1 Bc5 67. Rf8+ 1-0


[Site "https://www.chess.com"]

[Event "Titled Tuesday Blitz April 25 Early 2023"]
[White "Fernandez Garcia, Gumersindo"]
[Black "Shvedova, Alexandra"]
[WhiteFideId "24516740"]
[BlackFideId "54154782"]
[WhiteElo "2093"]
[BlackElo "2057"]
[Result "0-1"]
[Round "09"]
[TimeControl "180+2"]
[Date "2023.04.25"]
[WhiteClock "0:00:07"]
[BlackClock "0:00:20"]

1. e4 c5 2. c3 Nf6 3. e5 Nd5 4. d4 cxd4 5. cxd4 d6 6. Nf3 Nc6 7. Bc4 Nb6 8. Bb5 Bd7 9. Nc3 dxe5 10. d5 Nb4 11. Bxd7+ Qxd7 12. O-O f6 13. Qb3 N4xd5 14. Rd1 e6 15. Be3 Qc6 16. Bxb6 Nxb6 17. Rac1 Rc8 18. Ne2 Bc5 19. Rxc5 Qxc5 20. Qxe6+ Qe7 21. Qb3 Rd8 22. Re1 Qf7 23. Qb5+ Qd7 24. Qb3 Qd5 25. Qb4 Kf7 26. Nc3 Qc4 27. Qa5 Nd5 28. Qxa7 Qc6 29. Ne4 Rhe8 30. a3 Kg8 31. Qa5 Nf4 32. g3 Nd3 33. Re3 Nxb2 34. Qb4 Nc4 35. Qb3 Qd5 36. Nc3 Qf7 37. Re4 Nd2 38. Qxf7+ Kxf7 39. Nxd2 Rxd2 40. Rb4 Re7 41. Ne4 Rd3 42. a4 Rd4 43. Rxd4 exd4 44. Nd6+ Ke6 45. Nc4 Rc7 46. Nd2 Kd5 47. Kf1 d3 48. f3 Kd4 49. Ke1 Rc1+ 50. Kf2 Rc2 51. Ke1 Ke3 52. Nf1+ Kxf3 53. Nd2+ Ke3 54. Nf1+ Kd4 55. Nd2 Kc3 56. Ne4+ Kb3 57. a5 Kb4 58. Kd1 Kxa5 59. Nd6 Kb4 60. Nxb7 Kc3 61. Nc5 Kd4 62. Nb3+ Ke3 63. Nd2 Rxd2+ 64. Ke1 Rxh2 0-1


[Site "https://www.chess.com"]

[Event "Titled Tuesday Blitz April 25 Early 2023"]
[White "Manon-og, Ramon Jr."]
[Black "Sonnenschein, Philipp"]
[WhiteFideId "5200776"]
[BlackFideId "16250877"]
[WhiteElo "2343"]
[BlackElo "2224"]
[Result "0-1"]
[Round "09"]
[TimeControl "180+2"]
[Date "2023.04.25"]
[WhiteClock "0:00:14"]
[BlackClock "0:00:18"]

1. e4 c6 2. d4 d5 3. e5 Bf5 4. Nd2 e6 5. Nb3 c5 6. dxc5 Bxc5 7. Nxc5 Qa5+ 8. c3 Qxc5 9. Qb3 Nc6 10. Nf3 Nge7 11. Qxb7 Rb8 12. Qa6 O-O 13. Be3 d4 14. cxd4 Qb4+ 15. Bd2 Qxb2 16. Rc1 Nxd4 17. Nxd4 Qxd4 18. Qd6 Qe4+ 19. Be2 Qxg2 20. Rf1 Ng6 21. Be3 Rbd8 22. Qc7 Nh4 23. Qxa7 Nf3+ 24. Bxf3 Qxf3 25. Rg1 Bd3 26. Kd2 Qe2+ 27. Kc3 Rc8+ 28. Bc5 Qxe5+ 29. Kxd3 Rfd8+ 30. Bd4 Qf5+ 31. Ke3 e5 32. Rxc8 Rxc8 33. Bb6 Rc3+ 34. Ke2 Qd3+ 35. Ke1 Rc1# 0-1


[Site "https://www.chess.com"]

[Event "Titled Tuesday Blitz April 25 Early 2023"]
[White "Degtiarev, Evgeny"]
[Black "Ordekalog"]
[WhiteFideId "4149610"]
[WhiteElo "2284"]
[BlackElo "2472"]
[Result "0-1"]
[Round "09"]
[TimeControl "180+2"]
[Date "2023.04.25"]
[WhiteClock "0:00:01"]
[BlackClock "0:00:06"]

1. d4 Nf6 2. c4 e5 3. dxe5 Ng4 4. Nh3 Bb4+ 5. Bd2 a5 6. e3 Nxe5 7. Nc3 O-O 8. a3 Bc5 9. Nf4 Re8 10. Be2 Bf8 11. Qc2 Na6 12. O-O c6 13. Rad1 d6 14. Bc1 Qf6 15. b3 Nc5 16. Bb2 Qh6 17. b4 Ne6 18. Bc1 axb4 19. axb4 Nxf4 20. exf4 Nd7 21. Bd3 Nf6 22. f5 Qh4 23. h3 Bd7 24. Rfe1 h6 25. Bf1 Rxe1 26. Rxe1 Nh7 27. g3 Qf6 28. g4 Ng5 29. Bg2 Qd4 30. Be3 Qxc4 31. Bf1 Qxb4 32. Bg2 d5 33. Rb1 Qc4 34. Rxb7 Bc8 35. Rb1 d4 36. Bxg5 Qxc3 37. Qxc3 dxc3 38. Be3 Bd7 39. Rc1 Bb4 40. Bd4 Ra3 41. Bf1 c5 42. Be5 Ba4 43. Bc4 c2 44. f6 Bd2 0-1


[Site "https://www.chess.com"]